 Dungeon Crawl Stone Soup version 0.24-a0-504-gcfb02b9d07 (webtiles) character file.

Game seed: 18150101162162317842

203 Gargoyl the Skirmisher (level 5, -6/45 HPs)
             Began as a Centaur Abyssal Knight on July 16, 2019.
             Was a Follower of Lugonu.
             Mangled by an ogre
             ... wielding a +0 giant club
              (12 damage)
             ... on level 2 of the Dungeon.
             The game lasted 00:04:40 (3395 turns).

Gargoyl the Skirmisher (Centaur Abyssal Knight)     Turns: 3395, Time: 00:04:41

Health: -6/45      AC: 13    Str: 15    XL:     5   Next: 51%
Magic:  7/7        EV:  2    Int: 11    God:    Lugonu [*.....]
Gold:   169        SH:  0    Dex:  9    Spells: 4/4 levels left

rFire    . . .     SeeInvis .   a - +4 hand axe
rCold    . . .     Gourm    .   (no shield)
rNeg     . . .     Faith    .   l - +0 chain mail
rPois    .         Spirit   .   k - +0 helmet
rElec    .         Reflect  .   (no cloak)
rCorr    .         Harm     .   (no gloves)
MR       .....                  e - +0 centaur barding
Stlth    ..........             (no amulet)
HPRegen  0.15/turn              g - ring of flight
MPRegen  0.10/turn              (no ring)

@: very quick
A: large, hooves 3, deformed body, speed 2, tough skin 3
a: Depart the Abyss, Renounce Religion, Evoke Flight


You were on level 2 of the Dungeon.
You worshipped Lugonu.
Lugonu was aware of your devotion.
You were not hungry.

You visited 1 branch of the dungeon, and saw 4 of its levels.
You visited the Abyss 1 time.

You collected 169 gold pieces.

Inventory:

Hand Weapons
 a - a +4 hand axe (weapon)
Armour
 e - a +0 centaur barding (worn)
 k - a +0 helmet (worn)
 l - a +0 chain mail (worn)
Jewellery
 g - a ring of flight (left hand)
Wands
 d - a wand of flame (11)
Scrolls
 i - a scroll of remove curse
Potions
 b - 3 potions of curing
 h - 2 potions of mutation {unknown}
 j - 2 potions of heal wounds {unknown}
Comestibles
 c - 5 rations


   Skills:
 + Level 3.6 Fighting
 + Level 3.1 Axes
 * Level 2.5 Armour
 * Level 1.4 Dodging
 * Level 3.1 Invocations
 + Level 0.1 Evocations


You had 4 spell levels left.
You didn't know any spells.
Your spell library was empty.

Dungeon Overview and Level Annotations

Branches:
Dungeon (4/15)
 Temple: D:4-7

Altars:
Fedhas
Gozag
Ru
Trog
Uskayaw


Innate Abilities, Weirdness & Mutations

You have hooves in place of feet.
Armour fits poorly on your strangely shaped body.
You cover ground very quickly.
You have extremely tough skin. (AC +3)


Message History

The ogre hits you with a +0 giant club!
You climb upwards.
There is a stone staircase leading down here.
You hit the ogre.
The ogre is lightly wounded.
The ogre hits you with a +0 giant club!
Your chain mail prevents you from hitting the ogre.
Your kick misses the ogre.
The ogre is lightly wounded.
You slash the ogre!
The ogre is moderately wounded.
The ogre hits you but does no damage.
You hit the ogre.
The ogre is heavily wounded.
The ogre hits you with a +0 giant club!!
* * * LOW HITPOINT WARNING * * *
You slash the ogre! Your kick misses the ogre.
The ogre is almost dead.
The ogre hits you with a +0 giant club!
You die...

.......# #..........######.#
#......# #...#...####.####.#
.......# #<..#...........#.#
.......# #...#...........#.#
.......#####...#.............#
......##...##..)...........#.#
####.##.....##...#...###.###.#
#.#.......#...'...........#
#....._...#..@#...###.########
###.......#..O#...# #.........
##.....##...##### ##########
##...##....# #####.....#
#.........# #....)....#
#############.# ###
#.............###_##


You could see an ogre.

Vanquished Creatures
  A howler monkey (D:4)
  Jessica (D:2)
  Natasha (thrice) (D:2)
  3 adders
  A leopard gecko (D:1)
  An orc (D:3)
  A ball python (D:1)
  8 bats
  2 giant cockroaches (D:3)
  2 goblins
  4 hobgoblins
  3 jackals
  A frilled lizard (D:2)
  5 kobolds
  6 rats
42 creatures vanquished.

Notes
Turn   | Place    | Note
-------+----------+-------------------------------------------
     0 | Abyss:1  | Gargoyl the Centaur Abyssal Knight began the quest for the
                  | Orb.
     0 | Abyss:1  | Reached XP level 1. HP: 19/19 MP: 2/2
    89 | Abyss:2  | Noticed an apocalypse crab
   125 | Abyss:2  | Noticed a lich
   145 | D:1      | Escaped the Abyss
   400 | D:1      | You fall into a shaft and drop 1 floor!
   455 | D:2      | Noticed Jessica
   460 | D:2      | Killed Jessica
   460 | D:2      | Reached XP level 2. HP: 6/26 MP: 4/4
   460 | D:2      | Reached XP level 3. HP: 7/31 MP: 5/5
   918 | D:1      | Reached skill level 1 in Dodging
  1406 | D:2      | Found a blossoming altar of Fedhas.
  1406 | D:2      | You fall into a shaft and drop 1 floor!
  1410 | D:3      | Reached * piety under Lugonu
  1556 | D:2      | Noticed Natasha
  1568 | D:2      | Killed Natasha
  1568 | D:2      | Reached XP level 4. HP: 33/38 MP: 6/6
  1624 | D:2      | Noticed Natasha
  1636 | D:2      | Killed Natasha
  1841 | D:2      | Found a bloodstained altar of Trog.
  1873 | D:2      | Noticed Natasha
  1880 | D:2      | Killed Natasha
  1880 | D:2      | Reached XP level 5. HP: 44/45 MP: 7/7
  2070 | D:2      | Found a hide-covered altar of Uskayaw.
  2070 | D:2      | Found a faded altar of an unknown god.
  2075 | D:2      | Found an opulent altar of Gozag.
  2077 | D:2      | Found a faded altar of an unknown god.
  2079 | D:2      | Found a sacrificial altar of Ru.
  2791 | D:4      | Noticed an ogre
  3395 | D:2      | Mangled by an ogre

Levels and vault maps discovered:
D:1:      lemuel_arrival_tunnels, layout_basic, chequers_hall_statues_wall_a,
          st_stairs_14, glass_columns_c, hangedman_decor_points
D:2:      layout_basic, lemuel_round_altar, chequers_temple_overflow_minitemple,
          lemuel_crystal_altar, uniq_natasha, uniq_jessica
D:3:      layout_basic
D:4:      layout_basic, first_ration, grunt_decor_mini_mirrors,
          kennysheep_doodads

Skill      XL: |  1  2  3  4  5 |
---------------+----------------+-----
Axes           | 2 3 |  3.1
Dodging        | 1 |  1.4
Armour         | 2 |  2.5
Invocations    | 3 |  3.1
Fighting       | |  3.6
Evocations     | |  0.1

Action                   |  1- 3 |  4- 6 || total
-------------------------+-------+-------++-------
Melee: Hand axe          |    47 |    58 ||   105
       Kick              |     4 |     9 ||    13
Invok: Depart the Abyss  |     1 |       ||     1
Evoke: Wand              |     2 |     1 ||     3
  Use: Scroll            |     1 |     8 ||     9
       Potion            |       |     2 ||     2
  Eat: Chunk             |       |     3 ||     3
       Ration            |       |     1 ||     1
Armor: Ring mail         |    55 |    51 ||   106
       Chain mail        |       |    20 ||    20
Dodge: Dodged            |    16 |    36 ||    52

Table legend:
 A = Non-vault XP
 B = Vault XP
 C = Vault XP percentage of total XP
 D = Non-vault monster count
 E = Vault monster count
 F = Vault count percentage of total count
                 A         B        C        D         E       F
            +---------+---------+-------+---------+---------+-------
      Total |     217 |      74 |  25.4 |      39 |       3 |   7.1
            +---------+---------+-------+---------+---------+-------
        D:1 |      20 |       1 |   4.8 |      12 |       1 |   7.7
        D:2 |     109 |      73 |  40.1 |      13 |       2 |  13.3
        D:3 |      30 |       0 |   0.0 |      11 |       0 |   0.0
        D:4 |      58 |       0 |   0.0 |       3 |       0 |   0.0
            +---------+---------+-------+---------+---------+-------
